 Dungeon Crawl Stone Soup version 0.32-a0-540-g866d13106e (webtiles) character file.

Game seed: 11504980072597947867

4561 Sobieck the Arsonist (level 10, -17/83 HPs)
             Began as a Mountain Dwarf Fire Elementalist on Feb 28, 2024.
             Was a Priest of Vehumet.
             Demolished by a vault guard
             ... wielding a +0 broad axe
              (20 damage)
             ... in a bailey.
             The game lasted 00:15:00 (8596 turns).

Sobieck the Arsonist (MDFE)                         Turns: 8596, Time: 00:15:01

Health: -17/83     AC:  7    Str: 17    XL:     10   Next: 18%
Magic:  2/19       EV: 10    Int: 20    God:    Vehumet [***...]
Gold:   351        SH:  0    Dex: 10    Spells: 11/21 levels left

rFire   . . .        e - +1 dagger (drain)
rCold   . . .        (no shield)
rNeg    . . .        c - +0 ring mail
rPois   .            (no helmet)
rElec   .            h - +0 cloak
rCorr   .            j - +0 pair of gloves
SInv    .            (no boots)
Will    +....        (no amulet)
Stlth   +            o - +6 ring of strength
HPRegen 0.33/turn    (no ring)
MPRegen 0.16/turn

%: no passive effects
@: about to teleport
A: runic magic, artefact enchanting
a: Renounce Religion


You were in a bailey.
You worshipped Vehumet.
Vehumet was most pleased with you.
You visited 2 branches of the dungeon, and saw 8 of its levels.
You also visited: Bailey.

You collected 351 gold pieces.

Inventory:

Hand Weapons
 e - a +1 dagger of draining (weapon)
Missiles
 F - a curare-tipped dart
Armour
 a - a +0 robe
 c - a +0 ring mail (worn)
 h - a +0 cloak (worn)
 j - a +0 pair of gloves (worn)
 p - a scarf of harm
 r - a +0 pair of gloves
Jewellery
 l - an amulet of faith
 o - a +6 ring of strength (left hand)
Wands
 P - a wand of paralysis (10)
Scrolls
 f - a scroll of silence {!r}
 g - 2 scrolls of revelation
Potions
 d - 3 potions of heal wounds
 i - 3 potions of attraction
 m - a potion of degeneration {unknown}
 n - a potion of ambrosia {unknown}
 q - 2 potions of lignification
 s - a potion of enlightenment
 v - 2 potions of invisibility {unknown}
 Q - 5 potions of curing


   Skills:
 - Level 6.0 Fighting
 - Level 1.3 Dodging
 - Level 1.4 Stealth
 - Level 6.0 Spellcasting
 - Level 7.0 Conjurations
 - Level 10.0 Fire Magic
 + Level 5.5 Earth Magic


You had 11 spell levels left.
You knew the following spells:

 Your Spells              Type           Power      Damage    Failure   Level
a - Foxfire               Conj/Fire      100%       2x1d9     1%          1
b - Scorch                Fire           92%        2d8       1%          2
c - Flame Wave            Conj/Fire      40%        2d11      1%          4
d - Stone Arrow           Conj/Erth      62%        3d10      1%          3

Your spell library contained the following spells:

 Spells                   Type           Power      Damage    Failure   Level
 Inner Flame              Hex/Fire       26%        N/A       1%          3
 Volatile Blastmotes      Fire/Tloc      52%        2d14      1%          3
 Dazzling Flash           Conj/Hex       40%        N/A       2%          3
 Starburst                Conj/Fire      20%        6d7       16%         6
 Maxwell's Capacitive Co  Air            3%         ∞         100%        8


Dungeon Overview and Level Annotations

Branches:
Dungeon (7/15)             Temple (1/1) D:4          Bailey (1/1)

Altars:
Ashenzari
Cheibriados
Dithmenos
Elyvilon
Fedhas
Hepliaklqana
Kikubaaqudgha
Nemelex Xobeh
Okawaru
Qazlal
Ru
Trog
Uskayaw
Vehumet
Wu Jian
Xom
Yredelemnul
Zin
The Shining One

Annotations:
D:4 2 runed translucent doors, Crazy Yiuf; hattop's ghost, amateur TrFi


Innate Abilities, Weirdness & Mutations

Your spellcasting is much less encumbered by armour.
You can use scrolls of enchantment on lesser artefacts.


Message History

The vault guard hits your foxfire with a +0 broad axe!
You are too injured to fight recklessly!
Unknown command.
Unknown command.
Casting: Foxfire (safe; 1% risk of failure)
Confirm with . or Enter, or press ? or * to list all spells.
You conjure some foxfire!
The vault guard is no longer more vulnerable to fire.
The foxfire hits the vault guard.
The vault guard is severely wounded.
The foxfire hits the vault guard but does no damage.
The vault guard is severely wounded.
The vault guard completely misses you.
The vault guard hits your foxfire with a +0 broad axe!
Casting: Foxfire (safe; 1% risk of failure)
Confirm with . or Enter, or press ? or * to list all spells.
You conjure some foxfire!
The foxfire hits the vault guard but does no damage.
The vault guard is severely wounded.
The foxfire hits the vault guard.
The vault guard is severely wounded.
The foxfire hits the blink frog.
The blink frog is lightly wounded.
The vault guard hits you with a +0 broad axe.
* * * LOW HITPOINT WARNING * * *
As you read the scroll of teleportation, it crumbles to dust.
You feel strangely unstable.
The foxfire hits the blink frog.
The blink frog is moderately wounded.
The vault guard hits you with a +0 broad axe!
* * * LOW HITPOINT WARNING * * *
Unknown command.
The blink frog closely misses you.
The blink frog blinks!
Your surroundings seem slightly different.
Splash!
You fall into the shallow water.
Moving in this stuff is going to be slow.
The vault guard hits you with a +0 broad axe!
* * * LOW HITPOINT WARNING * * *
The blink frog blinks!
Unknown command.
As you read the scroll of teleportation, it crumbles to dust.
You feel strangely unstable.
The vault guard hits you with a +0 broad axe!
* * * LOW HITPOINT WARNING * * *
Unknown command.
The blink frog hits you!
* * * LOW HITPOINT WARNING * * *
The vault guard hits you with a +0 broad axe!!
You die...

##≈~~.~........**
#≈~~~..~...~≈≈~,*
#≈~~~..~~.~≈#**+*
#≈~~~....~≈#*~,,*
###≈~~~..).~≈#~,,~*
##.#≈~~~...~≈#*,,~**
##..##≈~~~..~≈#,,,~*
##....#≈~≈≈Fp~≈#,,~**
#.....##≈##≈@)≈##***
#......####≈..~≈#
#......'..#≈..~≈#
###'####..###†###
##~~~##...#..÷..#
#~~~~~#...#.....#
#~~~~~#...####÷.#
#~~~~~#....#.§..#
##~~#'#'#......##


You could see a vault guard and a blink frog.

Vanquished Creatures
  Grinder (D:4)
  Prince Ribbit (D:7)
  Eustachio (D:4)
  6 humans (Bailey)
  A steam dragon (D:7)
  Menkaure (D:5)
  Edmund (D:4)
  A water moccasin (D:7)
  A sky beast (D:6)
  4 ogres
  2 phantoms
  A kobold brigand (D:6)
  13 bullfrogs
  A scorpion (D:5)
  3 wights
  4 killer bees (D:7)
  2 bombardier beetles
  2 howler monkeys
  6 hounds
  An orc priest (D:4)
  7 iguanas
  5 orc wizards
  A sleepcap (D:4)
  8 adders
  A river rat (D:5)
  2 shadow imps
  2 white imps
  2 dart slugs
  2 ribbon worms (D:5)
  15 orcs
  10 endoplasms
  5 giant cockroaches
  8 goblins
  9 hobgoblins
  4 jackals
  5 quokkas
  A ball python (D:4)
  3 bats
  9 frilled lizards
  13 kobolds
  11 rats
176 creatures vanquished.

Vanquished Creatures (others)
  763 foxfires
763 creatures vanquished.

Grand Total: 939 creatures vanquished

Notes
Turn   | Place    | Note
-------+----------+-------------------------------------------
     0 | D:1      | Sobieck the Mountain Dwarf Fire Elementalist began the
                  | quest for the Orb.
     0 | D:1      | Reached XP level 1. HP: 14/14 MP: 3/3
   201 | D:1      | Found a faded altar of an unknown god.
   334 | D:1      | Reached skill level 1 in Conjurations
   519 | D:1      | Reached XP level 2. HP: 22/22 MP: 3/5
  1150 | D:2      | Reached skill level 4 in Fire Magic
  1217 | D:2      | Reached skill level 1 in Fighting
  1309 | D:2      | Reached XP level 3. HP: 19/28 MP: 1/6
  1312 | D:2      | Learned a level 2 spell: Scorch
  2078 | D:3      | Reached XP level 4. HP: 21/35 MP: 0/7
  3095 | D:4      | Noticed Edmund
  3095 | D:4      | Noticed Eustachio
  3265 | D:4      | Found a staircase to the Ecumenical Temple.
  3361 | Temple   | Entered the Ecumenical Temple
  3373 | Temple   | Became a worshipper of Vehumet
  3570 | D:4      | Reached XP level 5. HP: 41/41 MP: 5/9
  3701 | D:4      | Noticed Grinder
  3706 | D:4      | Paralysed by Grinder for 5 turns
  3758 | D:4      | Killed Grinder
  3759 | D:4      | Reached skill level 3 in Spellcasting
  3759 | D:4      | Reached skill level 3 in Conjurations
  3759 | D:4      | Reached skill level 5 in Fire Magic
  3759 | D:4      | Reached XP level 6. HP: 50/50 MP: 0/10
  4161 | D:4      | Killed Eustachio
  4162 | D:4      | Reached skill level 3 in Fighting
  4162 | D:4      | Reached XP level 7. HP: 50/57 MP: 1/12
  4512 | D:4      | Reached skill level 6 in Fire Magic
  4612 | D:4      | Killed Edmund
  4851 | D:4      | Found a runed translucent door.
  4851 | D:4      | Noticed hattop's ghost (amateur TrFi)
  4946 | D:4      | Found a runed translucent door.
  4947 | D:4      | Noticed Crazy Yiuf
  5150 | D:5      | Entered Level 5 of the Dungeon
  5150 | D:5      | Noticed Menkaure
  5156 | D:5      | Reached * piety under Vehumet
  5156 | D:5      | Offered knowledge of Kiss of Death by Vehumet.
  5158 | D:5      | Killed Menkaure
  5220 | D:5      | Reached XP level 8. HP: 66/66 MP: 8/14
  5313 | D:5      | Reached skill level 7 in Fire Magic
  5533 | D:5      | Learned a level 4 spell: Flame Wave
  6588 | D:6      | Found an ancient bone altar of Kikubaaqudgha.
  6607 | D:6      | Reached skill level 8 in Fire Magic
  6751 | D:6      | Reached ** piety under Vehumet
  6751 | D:6      | Offered knowledge of Sandblast by Vehumet.
  6851 | D:6      | Reached XP level 9. HP: 73/73 MP: 7/17
  7497 | D:7      | Reached skill level 6 in Conjurations
  7667 | D:6      | Reached skill level 6 in Spellcasting
  7746 | D:7      | Reached skill level 9 in Fire Magic
  7748 | D:7      | Noticed Prince Ribbit
  7755 | D:7      | Killed Prince Ribbit
  7836 | D:7      | Offered knowledge of Stone Arrow by Vehumet.
  7847 | D:6      | Learned a level 3 spell: Stone Arrow
  7909 | D:7      | Found a flagged portal.
  7918 | Bailey   | Entered a bailey
  7959 | Bailey   | Reached skill level 1 in Earth Magic
  8055 | Bailey   | Reached skill level 6 in Fighting
  8055 | Bailey   | Reached skill level 10 in Fire Magic
  8287 | Bailey   | Reached *** piety under Vehumet
  8288 | Bailey   | Reached skill level 3 in Earth Magic
  8291 | Bailey   | Reached XP level 10. HP: 72/83 MP: 12/19
  8577 | Bailey   | Noticed a vault guard
  8596 | Bailey   | HP: 3/83 [blink frog (9)]
  8596 | Bailey   | Demolished by a vault guard

Illustrated notes

Levels and vault maps discovered:
D:1:      lightli_arrival_flooded_house, layout_basic,
          ebering_ecumenical_altar_hall, serial_glass, glass_columns_b,
          glass_columns_a, amcnicky_mini_corridor_feature
D:2:      layout_loops_cross, hangedman_decor_diamond_cutter
D:3:      layout_basic, minmay_misc_feat_four_crosses
D:4:      layout_loops_cross, minmay_temple_entry_glassed_door,
          gammafunk_ghost_grave, wad_floor_pattern_1, uniq_eustachio,
          uniq_edmund, uniq_grinder, uniq_crazy_yiuf_cottage
D:5:      layout_basic, gup_sewer_entry_bubbles, uniq_menkaure
D:6:      layout_basic, nicolae_kikubaaqudgha_miasma_corner
D:7:      layout_basic, minitemple, overflow_temple_1_default, enter_bailey_3,
          uniq_prince_ribbit1
Temple:   dpeg_three_leaves_temple
Bailey:   bailey_axe_froggy_fort_hellmonk, bailey

Skill      XL: |  1  2  3  4  5  6  7  8  9 10 |
---------------+-------------------------------+-----
Conjurations   | 1 2 3 4 5 7 |  7.0
Spellcasting   | 2 3 4 5 6 |  6.0
Fire Magic     | 4 5 6 8 10 | 10.0
Fighting       | 1 2 3 4 6 |  6.0
Earth Magic    | 3 5 |  5.5
Dodging        | |  1.3
Stealth        | |  1.4

Action                     |  1- 3 |  4- 6 |  7- 9 | 10-12 || total
---------------------------+-------+-------+-------+-------++-------
  Melee: Dagger            |    52 |     9 |    19 |       ||    80
   Cast: Foxfire           |    59 |    72 |   254 |    48 ||   433
         Scorch            |       |    14 |    37 |     6 ||    57
         Flame Wave        |       |       |     7 |     1 ||     8
         Stone Arrow       |       |       |       |     1 ||     1
    Use: Scroll            |       |    10 |     6 |     2 ||    18
         Potion            |       |       |       |     1 ||     1
   Stab: Sleeping          |     1 |       |       |       ||     1
 Armour: Robe              |    28 |    10 |     6 |       ||    44
         Ring mail         |       |       |    96 |    18 ||   114
  Dodge: Dodged            |    32 |    13 |    65 |    12 ||   122

Table legend: (Time is in decaauts)
 A = Elapsed time spent in this place.
 B = Non-inter-level travel time spent in this place.
 C = Inter-level travel time spent in this place.
 D = Time resting spent in this place.
 E = Time spent auto-exploring this place.
 F = Levels seen in this place.
 G = Mean time per level.
                   A        B        C        D        E       F      G
               +--------+--------+--------+--------+--------+-----+--------+
         Total |   8663 |   8158 |    505 |   1520 |   5142 |   9 |  962.6 |
       Dungeon |   7953 |   7460 |    493 |   1076 |   5142 |   7 | 1136.1 |
        Temple |     24 |     12 |     12 |      0 |      0 |   1 |   24.0 |
        Bailey |    684 |    684 |      0 |    444 |      0 |   1 |  684.0 |
               +--------+--------+--------+--------+--------+-----+--------+

Top non-repeatable levels by time:
     D:3: 1854 daAuts
     D:6: 1646 daAuts
     D:4: 1344 daAuts
     D:5: 1086 daAuts
     D:2: 1056 daAuts
     D:1: 885 daAuts
  Bailey: 684 daAuts
     D:7: 79 daAuts
  Temple: 24 daAuts
